 Dungeon Crawl Stone Soup version 0.30-b1-2-g02819fbbbe (webtiles) character file.

Game seed: 11988794746425501149

963 sXerra the Spear-Bearer (level 8, -15/62 HPs)
             Began as a Merfolk Monk on Oct 1, 2023.
             Was a Believer of Makhleb.
             Killed from afar by Duvessa the acid dragon (21 damage)
             ... with a splash of acid
             ... on level 5 of the Dungeon.
             The game lasted 00:34:59 (4688 turns).

sXerra the Spear-Bearer (Merfolk Monk)              Turns: 4688, Time: 00:35:00

Health: -15/62     AC:  6    Str: 16    XL:     8   Next: 15%
Magic:  8/8        EV: 16    Int: 15    God:    Makhleb [**....]
Gold:   194        SH:  0    Dex: 22    Spells: 7/7 levels left

rFire   . . .        a - +1 spear
rCold   . . .        d - orb {light}
rNeg    . . .        n - +2 animal skin
rPois   .            j - +1 helmet
rElec   .            (no cloak)
rCorr   .            (no gloves)
SInv    .            (no boots)
Will    +....        (no amulet)
Stlth   +            l - +6 ring of intelligence
HPRegen 0.30/turn    x - +6 ring of strength
MPRegen 0.11/turn

%: no passive effects
@: glowing
A: (nimble swimmer 2), mertail, agile 1, strong-willed 1
a: Renounce Religion, Minor Destruction


You were on level 5 of the Dungeon.
You worshipped Makhleb.
Makhleb was pleased with you.
You visited 1 branch of the dungeon, and saw 5 of its levels.

You collected 298 gold pieces.
You spent 104 gold pieces at shops.

Inventory:

Hand Weapons
 a - a +1 spear (weapon)
 e - a +0 scythe of pain
 f - a +0 short sword of venom
 m - a +3 sling of draining
 w - a +1 rapier of draining
Armour
 d - an orb of light (worn)
 j - a +1 helmet (worn)
 n - a +2 animal skin (worn)
 p - an orb of wrath
 D - a +0 chain mail of fire resistance
Magical Staves
 h - a staff of fire
Jewellery
 l - a +6 ring of intelligence (left hand)
 x - a +6 ring of strength (right hand)
 B - a ring of protection from cold
 C - a ring of ice
Scrolls
 g - 2 scrolls of immolation
 k - a scroll of enchant weapon
 q - 2 scrolls of silence
 r - a scroll of enchant armour {unknown}
 u - 2 scrolls of teleportation
 y - 2 scrolls of vulnerability
 z - a scroll of brand weapon {unknown}
Potions
 o - 2 potions of haste
 t - 2 potions of flight
 v - a potion of might
 A - a potion of degeneration


   Skills:
 + Level 5.0 Fighting
 * Level 10.3 Polearms
 + Level 0.9 Ranged Weapons
 + Level 5.9 Dodging
 + Level 2.1 Stealth


You had 7 spell levels left.
You didn't know any spells.
Your spell library contained the following spells:

 Spells                   Type           Power      Damage    Failure   Level
 Apportation              Tloc           0%         N/A       26%         1
 Necrotise                Necr           0%         1d4       26%         1
 Summon Small Mammal      Summ           0%         N/A       26%         1
 Blink                    Tloc           0%         N/A       38%         2
 Lesser Beckoning         Tloc           0%         N/A       38%         2
 Momentum Strike          Conj/Tloc      0%         3d8       38%         2
 Inner Flame              Hex/Fire       0%         N/A       63%         3
 Flame Wave               Conj/Fire      0%         2d4       95%         4
 Sticky Flame             Conj/Fire      0%         2d3       95%         4


Dungeon Overview and Level Annotations

Branches:
Dungeon (5/15)
 Temple: D:4-7

Altars:
Fedhas
Makhleb
Okawaru
Vehumet

Shops:
D:2 !

Annotations:
D:5 Dowan, Duvessa


Innate Abilities, Weirdness & Mutations

((You are very nimble when in or above water. (Stealth+, EV+, Speed+++)))
Your lower body shifts to a powerful aquatic tail in water.
You are agile. (Dex +4, Str/Int -1)
You are strong-willed. (Will+)


Message History

Press: ? - help, Q - select action, (/) - cycle Shift-Dir - straight line, f/p - Duvessa
Aim: Duvessa, wielding a +0 short sword and wearing a +0 leather armour (moderately wounded, haloed, will become an acid dragon, a boggart, or a frilled lizard, chance to affect: 31%) Duvessa evaporates and reforms as an acid dragon!
The now-empty wand crumbles to dust.
You feel sick. Duvessa barely misses you. Duvessa claws you but does no damage.
You hit Duvessa.
Duvessa is lightly wounded.
You hit Duvessa but do no damage.
Duvessa is lightly wounded.
You feel sick. Duvessa closely misses you. Duvessa misses you.
You hit Duvessa but do no damage.
Duvessa is lightly wounded.
You hit Duvessa but do no damage.
Duvessa is lightly wounded.
You feel sick. Duvessa bites you but does no damage.
Duvessa claws you but does no damage.
You completely miss Duvessa.
Duvessa is lightly wounded.
Duvessa spits acid at you. The splash of acid hits you!!
* * * LOW HITPOINT WARNING * * *
You hit Duvessa.
Duvessa is lightly wounded.
You feel sick.
You are no longer poisoned.
You hit Duvessa.
Duvessa is moderately wounded.
Duvessa barely misses you. Duvessa claws you but does no damage.
You hit Duvessa.
Duvessa is heavily wounded.
You hit Duvessa.
Duvessa is severely wounded.
Duvessa barely misses you. x2
You hit Duvessa but do no damage.
Duvessa is severely wounded.
You hit Duvessa.
Duvessa is severely wounded.
Duvessa spits acid at you. The splash of acid hits you!!
You die...

##.# #. #>.. ...#
##.###..
...##.#....#..
...........#.. ##..#
#.###..#.[ ##..# #..
##.[# #...#
#...#...# ##D.##
#...#..## ##@.#...#
##..#.. #...#...#
#...#.. ##...#...#
#..)#..
#.###.###..#..###.##
#..........#.. .o...
#.###.###..#. ###.##
##...#...# .. #.
#...#...#... ..
##..#...#..# ..


You could see Duvessa the acid dragon (catching breath).

Vanquished Creatures
  Grinder (D:4)
  Sigmund (D:2)
  Eustachio (D:4)
  A phantom (D:5)
  An orc priest (D:4)
  Jessica (D:2)
  Natasha (twice) (D:3)
  2 iguanas (D:4)
  2 orc wizards (D:5)
  Robin (D:2)
  5 adders
  A gnoll (D:4)
  3 worms
  3 dart slugs
  8 orcs
  4 bats
  8 endoplasms
  6 giant cockroaches
  10 goblins
  6 hobgoblins
  9 kobolds
  7 quokkas
  10 ball pythons
  6 frilled lizards
  8 rats
107 creatures vanquished.

Notes
Turn   | Place    | Note
-------+----------+-------------------------------------------
     0 | D:1      | sXerra the Merfolk Monk began the quest for the Orb.
     0 | D:1      | Reached XP level 1. HP: 18/18 MP: 1/1
   189 | D:1      | Reached XP level 2. HP: 24/24 MP: 2/2
   781 | D:2      | Reached XP level 3. HP: 29/29 MP: 3/3
   928 | D:2      | Reached skill level 5 in Polearms
  1178 | D:2      | Noticed Jessica
  1204 | D:2      | Killed Jessica
  1205 | D:2      | Reached XP level 4. HP: 7/37 MP: 4/4
  1301 | D:2      | Reached skill level 6 in Polearms
  1420 | D:2      | Noticed Robin
  1433 | D:2      | Killed Robin
  1607 | D:2      | Noticed Sigmund
  1625 | D:2      | Killed Sigmund
  1626 | D:2      | Reached skill level 7 in Polearms
  1626 | D:2      | Reached XP level 5. HP: 29/42 MP: 5/5
  1626 | D:2      | Reached XP level 6. HP: 33/48 MP: 6/6
  1857 | D:2      | Found Miuler's Distillery.
  1860 | D:2      | Bought a potion of mutation for 104 gold pieces
  1860 | D:2      | Gained mutation: You are agile. (Dex +4, Str/Int -1)
                  | [potion of mutation]
  1860 | D:2      | Gained mutation: You are strong-willed. (Will+) [potion of
                  | mutation]
  2074 | D:3      | Found a faded altar of an unknown god.
  2278 | D:3      | Reached skill level 8 in Polearms
  2562 | D:3      | Found a glowing drain.
  2608 | D:3      | Found a burning altar of Makhleb.
  2620 | D:3      | Noticed Natasha
  2637 | D:3      | Killed Natasha
  2646 | D:3      | Became a worshipper of Makhleb the Destroyer
  2646 | D:3      | Reached * piety under Makhleb
  2646 | D:3      | Reached ** piety under Makhleb
  2722 | D:3      | Noticed Natasha
  2735 | D:3      | Killed Natasha
  2736 | D:3      | Reached skill level 1 in Stealth
  2795 | D:4      | Found a blossoming altar of Fedhas.
  2795 | D:4      | Noticed an orc warrior
  2942 | D:4      | Noticed Eustachio
  3011 | D:4      | Killed Eustachio
  3012 | D:4      | Reached skill level 9 in Polearms
  3012 | D:4      | Reached skill level 5 in Dodging
  3012 | D:4      | Reached XP level 7. HP: 48/55 MP: 7/7
  3065 | D:4      | Noticed Grinder
  3103 | D:4      | Killed Grinder
  3234 | D:4      | Found a radiant altar of Vehumet.
  3239 | D:4      | Found a transporter.
  3250 | D:4      | Found a transporter.
  3341 | D:4      | Found an iron altar of Okawaru.
  3644 | D:4      | Reached skill level 10 in Polearms
  4304 | D:5      | Entered Level 5 of the Dungeon
  4330 | D:5      | Reached XP level 8. HP: 52/61 MP: 8/8
  4408 | D:5      | Reached skill level 5 in Fighting
  4426 | D:5      | Noticed Duvessa
  4581 | D:5      | Noticed Dowan
  4677 | D:5      | Duvessa changed into Duvessa the acid dragon
  4677 | D:5      | Noticed Duvessa
  4688 | D:5      | Killed from afar by Duvessa the acid dragon

Illustrated notes

Levels and vault maps discovered:
D:1:      dpeg_arrival_simpleton_b, layout_loops_ring
D:2:      layout_loops_corners, serial_shops, nicolae_shop_behind_doors,
          minmay_pentomino_v4, uniq_robin, uniq_sigmund, uniq_jessica
D:3:      minmay_spotlight, layout_rooms, bloody_makhleb, portal_sewer_entry_f,
          shapermc_ecumenical_altar_mp_highgroup,
          nicolae_kite_square_tiling_tiny, uniq_natasha
D:4:      layout_basic, okawaru_altar_gauntlet_db,
          gammafunk_temple_overflow_arena, uniq_eustachio, uniq_grinder
D:5:      layout_cave_pools, nicolae_titane, uniq_duvessa,
          uniq_crazy_yiuf_cottage

Skill      XL: |  1  2  3  4  5  6  7  8 |
---------------+-------------------------+-----
Polearms       | 5 7 9 10 | 10.3
Fighting       | 4 5 |  5.0
Stealth        | 1 2 |  2.1
Dodging        | 5 |  5.9
Ranged Weapons | |  0.9

Action                     |  1- 3 |  4- 6 |  7- 9 || total
---------------------------+-------+-------+-------++-------
  Melee: Spear             |    73 |   225 |   205 ||   503
         Unarmed           |     1 |       |       ||     1
   Fire: Sling             |       |     7 |       ||     7
  Evoke: Wand              |       |       |     6 ||     6
    Use: Scroll            |     6 |     1 |     9 ||    16
         Potion            |       |     4 |       ||     4
   Stab: Distracted        |       |     1 |       ||     1
         Sleeping          |       |     3 |       ||     3
 Armour: Robe              |     5 |     3 |       ||     8
         Animal skin       |       |    21 |    33 ||    54
  Dodge: Dodged            |    23 |   103 |    84 ||   210
